 Dungeon Crawl Stone Soup version 0.18.1-48-g4cf74bf (webtiles) character file.

56 wraslar the Skirmisher (level 3, -13/34 HPs)
             Began as a Hill Orc Abyssal Knight on Sept 8, 2016.
             Was a Believer of Lugonu.
             Mangled by an orc
             ... wielding a +2 short sword of electrocution
              (20 damage)
             ... on level 3 of the Dungeon.
             The game lasted 00:10:28 (1300 turns).

wraslar the Skirmisher (Hill Orc Abyssal Knight)    Turns: 1300, Time: 00:10:32

Health: -13/34     AC:  4    Str: 15    XL:     3   Next: 97%
Magic:  5/5        EV: 11    Int: 17    God:    Lugonu [**....]
Gold:   93         SH:  0    Dex: 10    Spells: 0 memorised, 2 levels left

rFire  . . .     SeeInvis .     a - +1 falchion
rCold  . . .     Gourm    .     b - +1 leather armour
rNeg   . . .     Faith    .     (no shield)
rPois  .         Spirit   .     (no helmet)
rElec  .         Dismiss  .     (no cloak)
rCorr  .         Reflect  .     (no gloves)
SustAt .         Harm     .     (no boots)
MR     .....                    (no amulet)
Stlth  ++........               (no ring)
                                d - ring of stealth

@: brilliant, very slightly contaminated, not resistant to hostile enchantments,
unstealthy
A: no striking features
a: Depart the Abyss, Bend Space, Renounce Religion


You were on level 3 of the Dungeon.
You worshipped Lugonu.
Lugonu was pleased with you.
You were not hungry.

You visited 1 branch of the dungeon, and saw 3 of its levels.
You visited the Abyss 1 time.

You collected 93 gold pieces.

Inventory:

Hand Weapons
 a - a +1 falchion (weapon)
Missiles
 f - 20 arrows
Armour
 b - a +1 leather armour (worn)
Jewellery
 d - a ring of stealth (left hand)
Scrolls
 e - 2 scrolls of identify
 g - a scroll of remove curse
Comestibles
 c - a meat ration


   Skills:
 + Level 4.7 Fighting
 + Level 2.5 Long Blades
 + Level 2.7 Armour
 + Level 1.0 Dodging
 + Level 2.8 Invocations


You had 2 spell levels left.
You didn't know any spells.

Dungeon Overview and Level Annotations

Branches:
Dungeon (3/15)

Altars:
Makhleb
Vehumet
Yredelemnul


Message History

You barely miss the orc. The orc barely misses you.
You slash the orc!
You kill the orc!
Lugonu accepts your kill.
You hit the orc.
The orc is lightly wounded.
The orc hits you but does no damage.
You are electrocuted!
You barely miss the orc.
The orc is lightly wounded.
The orc hits you with a short sword of electrocution.
* * * LOW HITPOINT WARNING * * *
The orc barely misses you.
Drink which item? (? for menu, Esc to quit)
It was a potion of brilliance.
You feel clever all of a sudden.
The orc hits you with a short sword of electrocution.
* * * LOW HITPOINT WARNING * * *
You are electrocuted!
Ouch! That really hurt!
You die...

#.# #.# ......#.#.# #.#
.....#.#.# #.#
....#.#<###.#
#...#.#...#.## .##....
#...#.###....## .......
#...#.# #....'.
#§....######...#.###....#.
#.§...#oo@.....'........#.
#..§§.#o####...#.####...#.
#.§.§.#)# #####.# #####.
#.§...#o########§### #.
#....o..^##......#######
#?.......##...........
#........##...........
#..>.....##...........
#........##...........


You could see an orc wizard and 2 orcs.

Vanquished Creatures
  An adder (D:2)
  A worm (D:2)
  A dart slug (D:2)
  2 orcs (D:3)
  3 bats
  A giant cockroach (D:2)
  4 goblins
  6 hobgoblins
  6 jackals (D:1)
  2 ball pythons
  4 giant newts
  5 kobolds
  2 rats (D:1)
38 creatures vanquished.

Vanquished Creatures (others)
  15 toadstools (D:2)
15 creatures vanquished.

Grand Total: 53 creatures vanquished

Notes
Turn   | Place    | Note
--------------------------------------------------------------
     0 | Abyss:1  | wraslar the Hill Orc Abyssal Knight began the quest for the Orb.
     0 | Abyss:1  | Reached XP level 1. HP: 19/19 MP: 2/2
    24 | Abyss:1  | Found a corrupted altar of Lugonu.
    58 | D:1      | Escaped the Abyss
   106 | D:1      | Reached skill level 4 in Fighting
   106 | D:1      | Reached XP level 2. HP: 26/27 MP: 3/3
   285 | D:1      | Reached ** piety under Lugonu
   417 | D:1      | Reached XP level 3. HP: 19/33 MP: 5/5
   624 | D:2      | Reached skill level 1 in Dodging
   630 | D:2      | Found a burning altar of Makhleb.
  1032 | D:2      | Found a basalt altar of Yredelemnul.
  1283 | D:3      | Found a radiant altar of Vehumet.
  1300 | D:3      | Mangled by an orc

Skill      XL: |  1  2  3 |
---------------+----------+-----
Fighting       | 4 |  4.7
Dodging        | 1 |  1.0
Long Blades    | |  2.5
Armour         | |  2.7
Invocations    | |  2.8

Action                   || total
-------------------------++-------
Melee: Falchion          ||   133
  Use: Scroll            ||     6
       Potion            ||     1
 Stab: Sleeping          ||     3
  Eat: Bread ration      ||     1
Armor: Leather armour    ||    42
Dodge: Dodged            ||    80
